 Dungeon Crawl Stone Soup version 0.25.1-1-g288607f5aa (webtiles) character file.

Game seed: 17158164087884047690

4115 BledDest the Transmogrifier (level 9, -1/88 HPs)
             Began as a Demigod Transmuter on July 28, 2020.
             Slain by a basilisk (2 damage)
             ... while petrified by a basilisk
             ... on level 9 of the Dungeon.
             The game lasted 00:21:13 (11434 turns).

BledDest the Transmogrifier (Demigod Transmuter)   Turns: 11434, Time: 00:21:13

Health: -1/88      AC: 11    Str: 17    XL:     9   Next: 78%
Magic:  19/19      EV:  1    Int: 19    God:
Gold:   610        SH:  0    Dex: 16    Spells: 7/17 levels left

rFire    x . .     SeeInvis .     - Unarmed
rCold    + + +     Gourm    .   (shield currently unavailable)
rNeg     + + +     Faith    .   (armour currently unavailable)
rPois    ∞         Spirit   .   (helmet currently unavailable)
rElec    .         Reflect  .   (cloak currently unavailable)
rCorr    .         Harm     .   (gloves currently unavailable)
MR       .....                  (boots currently unavailable)
Stlth    ++........             (no amulet)
HPRegen  0.24/turn              k - +4 ring of protection
MPRegen  0.16/turn              t - ring of stealth

@: lethally poisoned (-1 -> -1), ice-form (expiring), petrified
A: large, high mp 1
a: End Transformation


You were on level 9 of the Dungeon.
You were not hungry.
You were a creature of crystalline ice.
You visited 1 branch of the dungeon, and saw 9 of its levels.
You also visited: Ossuary.

You collected 744 gold pieces.
You spent 134 gold pieces at shops.

Inventory:

Hand Weapons
 m - a +3 dagger of electrocution (melded)
 y - the +1 flail of Fury {antimagic, +Fly rElec rPois}
   (You found it on level 4 of the Dungeon)

   It reduces the magical energy of the wielder, and disrupts the spells and
   magical abilities of those hit.
   Natural abilities and divine invocations are not affected.
   It insulates you from electricity.
   It protects you from poison.
   It lets you fly.
 I - a +1 shortbow of freezing
Missiles
 a - 194 arrows
 e - 36 poisoned darts (quivered)
 j - 211 stones
Armour
 b - a scarf of harm
 v - a +0 robe of the Archmagi (melded)
 w - a +0 pair of boots (melded)
Jewellery
 k - a +4 ring of protection (left front paw)
 r - an uncursed ring of see invisible
 t - a ring of stealth (right front paw)
 J - an uncursed amulet of guardian spirit
Scrolls
 c - 2 scrolls of immolation {unknown}
 h - a scroll of vulnerability {unknown}
 i - 2 scrolls of magic mapping
 l - 2 scrolls of remove curse
 o - a scroll of random uselessness {unknown}
 s - 2 scrolls of blinking
 D - a scroll of noise {unknown}
 E - a scroll of enchant weapon
 H - 2 scrolls of teleportation {unknown}
Potions
 f - a potion of magic
 g - 2 potions of cancellation
 n - 3 potions of might
 p - 6 potions of curing
 q - 7 potions of heal wounds
 u - 3 potions of lignification
 x - 3 potions of mutation
 z - 3 potions of stabbing
 A - a potion of brilliance
 B - a potion of invisibility
 F - a potion of haste
 G - a potion of degeneration {unknown}
Comestibles
 d - 21 rations


   Skills:
 + Level 5.2 Fighting
 + Level 5.5 Dodging
 + Level 5.9 Unarmed Combat
 + Level 4.6 Spellcasting
 + Level 8.8 Transmutations


You had 7 spell levels left.
You knew the following spells:

 Your Spells              Type           Power        Failure   Level  Hunger
a - Beastly Appendage     Tmut           #####.       1%          1    None
b - Spider Form           Tmut/Pois      ###.......   6%          3    ###....
c - Ice Form              Ice/Tmut       ###.....     22%         4    ####...
d - Sticks to Snakes      Tmut           #####...     1%          2    #......

Your spell library contained the following spells:

 Spells                   Type           Power        Failure   Level  Hunger
 Blade Hands              Tmut           #####.....   10%         5    ######.


Dungeon Overview and Level Annotations

Branches:
Dungeon (9/15)             Temple (0/1) D:6            Lair (0/6) D:9
Ossuary (visited)
    Orc: D:9-12

Shops:
D:4 !


Innate Abilities, Weirdness & Mutations

You have an increased reservoir of magic. (+10% MP)


Message History

The worker ant bites you but does no damage.
The elephant tramples you but does no damage.
The elephant trunk-slaps you. The worker ant bites you.
Your transformation is almost over.
The elephant completely misses you.
The elephant trunk-slaps you but does no damage.
The worker ant bites you but does no damage.
The basilisk bites you. The elephant tramples you!
* * * LOW HITPOINT WARNING * * *
You hold your ground!
The elephant trunk-slaps you but does no damage.
The worker ant bites you but does no damage.
The basilisk bites you.
* * * LOW HITPOINT WARNING * * *
The worker ant bites you but does no damage.
The elephant tramples you but does no damage.
The elephant trunk-slaps you but does no damage.
The basilisk bites you.
You die...

##..##.##..##.##
...............+
...............#
...............#
#+#####+#####...####
########...##....###...##
#................#......#
#.......)Y.......#......#
#.......YaY.<....#......#
###.####.l.#########'####
#.####...###...##....####
#Yl.....................#
##.....####.............#
#.........##.............#
#...........#.............#
...P.....(...†...########..#
#.......>%......### ###


You could see an elephant, a yak, a basilisk and a worker ant.

Vanquished Creatures
  A hippogriff (D:7)
  A spriggan (D:8)
  A basilisk (D:9)
  2 sky beasts
  2 ice beasts
  2 orc warriors (D:6)
  2 necrophages
  4 phantoms
  4 ogres
  4 centaurs
  4 bullfrogs (D:7)
  An elf zombie (Ossuary)
  A wyvern zombie (D:6)
  3 scorpions
  3 howler monkeys
  2 crimson imps (D:6)
  A bullfrog zombie (D:6)
  5 orc priests
  2 hounds
  4 centaur skeletons
  4 bullfrog skeletons
  3 orc wizards
  Terence (D:3)
  An iguana (D:5)
  9 worker ants
  4 big kobold zombies (Ossuary)
  A howler monkey zombie (D:9)
  2 mummies (Ossuary)
  A worker ant zombie (D:6)
  A gnoll (D:1)
  15 adders
  A shadow imp (D:8)
  An ooze (D:1)
  An adder zombie (D:7)
  2 adder skeletons
  4 leopard geckos
  21 orcs
  7 bats
  3 giant cockroaches
  5 goblins
  7 hobgoblins
  12 jackals
  8 kobolds
  3 quokkas
  A ball python (D:4)
  A ball python skeleton (D:4)
  6 frilled lizards
  4 gnoll zombies (Ossuary)
  A goblin zombie (Ossuary)
  2 hobgoblin zombies (Ossuary)
  2 orc zombies (Ossuary)
  5 rats
188 creatures vanquished.

Vanquished Creatures (others)
  A fungus (D:3)
1 creature vanquished.

Grand Total: 189 creatures vanquished

Notes
Turn   | Place    | Note
-------+----------+-------------------------------------------
     0 | D:1      | BledDest the Demigod Transmuter began the quest for the
                  | Orb.
     0 | D:1      | Reached XP level 1. HP: 15/15 MP: 5/5
    28 | D:1      | Reached skill level 2 in Transmutations
    28 | D:1      | Reached XP level 2. HP: 6/22 MP: 5/7
    54 | D:1      | HP: 1/22 [hobgoblin/+0 short sword (4)]
   579 | D:1      | Reached skill level 3 in Transmutations
  1381 | D:1      | Reached XP level 3. HP: 16/27 MP: 8/8
  1497 | D:1      | Learned a level 3 spell: Spider Form
  2445 | D:2      | Noticed a scorpion
  2450 | D:2      | Killed a scorpion
  2450 | D:2      | Reached skill level 4 in Transmutations
  2450 | D:2      | Reached XP level 4. HP: 26/34 MP: 9/9
  2843 | D:2      | Found a shadowy altar of Dithmenos.
  3169 | D:3      | Found a glowing silver altar of Zin.
  3170 | D:3      | Found Zin's Purification Station.
  3191 | D:3      | Bought a potion of curing for 90 gold pieces
  3383 | D:3      | Noticed Terence
  3391 | D:3      | Killed Terence
  3391 | D:3      | Reached skill level 5 in Transmutations
  3391 | D:3      | Reached XP level 5. HP: 39/39 MP: 6/10
  3604 | D:3      | Found a shimmering altar of Xom.
  3880 | D:3      | Found a glowing golden altar of the Shining One.
  3983 | D:3      | Found a blossoming altar of Fedhas.
  4286 | D:4      | Noticed an ogre
  4295 | D:4      | Killed an ogre
  4295 | D:4      | Reached skill level 6 in Transmutations
  4295 | D:4      | Reached XP level 6. HP: 46/46 MP: 8/11
  4530 | D:4      | Got a dazzling flail
  4531 | D:4      | Identified the cursed +1 flail of Fury {antimagic, +Fly
                  | rElec rPois} (You found it on level 4 of the Dungeon)
  4628 | D:4      | Found Xuekeut's Distillery.
  4726 | D:4      | Reached skill level 7 in Transmutations
  4855 | D:4      | Learned a level 4 spell: Ice Form
  4866 | D:4      | Bought a potion of might for 44 gold pieces
  4959 | D:4      | Found a bloodstained altar of Trog.
  5276 | D:5      | Entered Level 5 of the Dungeon
  5283 | D:5      | Reached skill level 1 in Fighting
  5415 | D:5      | Reached XP level 7. HP: 52/52 MP: 12/12
  7009 | D:6      | Found a staircase to the Ecumenical Temple.
  7064 | D:6      | Found a hide-covered altar of Uskayaw.
  7070 | D:6      | Reached XP level 8. HP: 62/62 MP: 10/14
  7815 | D:6      | Found an iron altar of Okawaru.
  8408 | D:7      | Reached skill level 8 in Transmutations
  8410 | D:7      | Noticed a hippogriff
  8429 | D:7      | Killed a hippogriff
  8536 | D:7      | Learned a level 2 spell: Sticks to Snakes
  8652 | D:7      | Found an ancient bone altar of Kikubaaqudgha.
  8676 | D:7      | Reached XP level 9. HP: 56/71 MP: 13/17
  8830 | D:7      | Reached skill level 5 in Unarmed Combat
  9512 | D:7      | Reached skill level 5 in Dodging
 10147 | D:8      | Found a sand-covered staircase.
 10160 | Ossuary  | Entered an ossuary
 10836 | D:8      | Reached skill level 5 in Fighting
 11391 | D:9      | Found a staircase to the Lair.
 11391 | D:9      | Noticed an elephant
 11433 | D:9      | HP: 4/88 [elephant (4)]
 11433 | D:9      | HP: 1/88 [basilisk (3)]
 11434 | D:9      | Slain by a basilisk

Illustrated notes

Levels and vault maps discovered:
D:1:      dpeg_arrival_arbitrary_c, layout_basic
D:2:      cheibrodos_old_hovel, layout_basic, nicolae_dithmenos_shadow_blocks
D:3:      layout_loops_ring, overflow_temple_1_default, zin_purify, tso_altar,
          dk_noncrumbling_2, minmay_door_square, fedhas_altar_3, uniq_terence
D:4:      layout_loops_ring, bloody_trog, serial_shops, shop, first_ration
D:5:      layout_basic, minmay_quadrilaterals
D:6:      layout_cave_pods, kennysheep_mini_moat,
          eat_drink_and_be_merry_uskayaw, minmay_temple_entry_waves,
          lightli_orcish_oven
D:7:      layout_basic, kennysheep_mini
D:8:      layout_loops_ring, nicolae_ossuary_entry_ruins, the_bakery,
          st_stairs_13, nrook_mini_backslash
D:9:      layout_gridville, david_lair_generic, serial_shops,
          nicolae_shop_statue_plus, uniq_erolcha

Skill      XL: |  1  2  3  4  5  6  7  8  9 |
---------------+----------------------------+-----
Transmutations | 2 3 4 5 6 7 8 |  8.8
Fighting       | 1 2 4 5 |  5.2
Dodging        | 2 3 4 5 |  5.5
Unarmed Combat | 4 5 |  5.9
Spellcasting   | 2 3 4 |  4.6

Action                   |  1- 3 |  4- 6 |  7- 9 || total
-------------------------+-------+-------+-------++-------
Melee: Unarmed           |   142 |    24 |   202 ||   368
       Headbutt          |     7 |       |       ||     7
       Kick              |     4 |       |       ||     4
       Dagger            |    19 |   108 |   297 ||   424
       Flail             |       |    14 |       ||    14
       Punch             |       |       |    11 ||    11
Throw: Dart              |     7 |     5 |     4 ||    16
 Cast: Beastly Appendage |     7 |       |       ||     7
       Spider Form       |       |     4 |    16 ||    20
       Ice Form          |       |       |     1 ||     1
  Use: Scroll            |       |     6 |     7 ||    13
 Stab: Sleeping          |     2 |     3 |     5 ||    10
       Distracted        |       |       |     1 ||     1
  Eat: Chunk             |     5 |    10 |    14 ||    29
       Ration            |       |       |     3 ||     3
Armor: Robe              |    45 |    28 |    68 ||   141
       Skin              |       |       |    53 ||    53
Dodge: Dodged            |   128 |    85 |   368 ||   581
